 Dungeon Crawl Stone Soup version 0.29.0-7-g18a832c13a (webtiles) character file.

Game seed: 2573412256894984282

293 robertstho the Magician (level 6, -1/43 HPs)
             Began as a Djinni Fire Elementalist on Aug 31, 2022.
             Killed from afar by a white imp (18 damage)
             ... with a puff of frost
             ... on level 6 of the Dungeon.
             The game lasted 00:03:17 (4306 turns).

robertstho the Magician (Djinni Fire Elementalist)  Turns: 4306, Time: 00:03:18

Health: -1/43      AC:  2    Str:  7    XL:     6   Next: 60%
Gold:   93         EV: 12    Int: 18    God:
                   SH:  0    Dex: 14

rFire   + + .      SeeInvis .   g - +0 dagger (venom)
rCold   x . .      Faith    .   (no shield)
rNeg    . . .      Spirit   .   a - +0 robe
rPois   ∞          Reflect  .   (no helmet)
rElec   .          Harm     .   (no cloak)
rCorr   .          Rampage  .   (no gloves)
Will    .....                   (boots unavailable)
Stlth   ++........              (no amulet)
HPRegen 0.14/turn               (no ring)
MPRegen 0.00/turn               (no ring)

@: flying
A: sickness immunity, fire resistance 2, cold vulnerability 1, float, innate
caster, HP casting, extra vitality 1
a: no special abilities


You were on level 6 of the Dungeon.
You visited 1 branch of the dungeon, and saw 5 of its levels.

You collected 93 gold pieces.

Inventory:

Hand Weapons
 g - a +0 dagger of venom (weapon)
Armour
 a - a +0 robe (worn)
Jewellery
 l - a ring of willpower
 n - a ring of see invisible
Wands
 m - a wand of roots (10)
Scrolls
 b - 2 scrolls of teleportation
 d - 2 scrolls of summoning {unknown}
 f - 3 scrolls of identify {unknown}
 h - 2 scrolls of amnesia {unknown}
 i - a scroll of silence {unknown}
 k - a scroll of blinking {unknown}
Potions
 c - a potion of resistance {unknown}
 e - a potion of curing {unknown}
 j - a potion of lignification {unknown}
 o - a potion of mutation {unknown}


   Skills:
 * Level 1.8 Fighting
 + Level 2.5 Dodging
 + Level 2.0 Stealth
 * Level 4.8 Spellcasting


You couldn't memorise any spells.
You knew the following spells:

 Your Spells              Type           Power      Damage    Failure   Level
a - Foxfire               Conj/Fire      84%        2x1d8     1%          1
b - Scorch                Fire           42%        2d7       2%          2
c - Conjure Flame         Conj/Fire      21%        6-21      5%          3
d - Inner Flame           Hex/Fire       21%        N/A       5%          3
e - Flame Wave            Conj/Fire      21%        2d8       19%         4
f - Slow                  Hex            84%        N/A       1%          1
g - Poisonous Vapours     Pois/Air       42%        N/A       2%          2
Your spell library was empty.

Dungeon Overview and Level Annotations

Branches:
Dungeon (4/15)
 Temple: D:4-7

Altars:
Elyvilon
Trog
Yredelemnul

Shops:
D:3 (


Innate Abilities, Weirdness & Mutations

You are immune to sickness and miasma.
You are immune to poison.
Your flesh is very heat resistant. (rF++)
You are vulnerable to cold. (rC-)
You float through the air rather than walking.
You learn spells naturally, not from books.
Your magical power is your life essence.
You have superior vitality. (+4 MHP)


Message History

Unknown command.
Casting: Foxfire (safe; 2% risk of failure)
Confirm with . or Enter, or press ? or * to list all spells.
Flames lash the sky beast.
The sky beast is severely wounded.
The sky beast's fire resistance burns away.
You hear a shout!
The foxfire hits the sky beast.
The sky beast is almost dead.
The foxfire hits the sky beast but does no damage.
The sky beast is almost dead.
The foxfire hits the sky beast.
The sky beast is almost dead.
A white imp comes into view.
You hear a shout!
Casting: Scorch (safe; 3% risk of failure)
Confirm with . or Enter, or press ? or * to list all spells.
Flames lash the sky beast.
The sky beast is burned terribly!
The sky beast is almost dead.
The sky beast hits you. The sky beast shocks you.
The white imp gestures at you. The puff of frost misses you.
Casting: Scorch (safe; 3% risk of failure)
Confirm with . or Enter, or press ? or * to list all spells.
Flames lash the sky beast.
The sky beast is burned terribly!
You kill the sky beast!
The white imp gestures at you. The puff of frost hits you!
You feel a terrible chill!
Your Stealth skill increases to level 2!
Casting: Foxfire (safe; 1% risk of failure)
Press: ? - help, Q - select action, (/) - cycle Dir - look around, f - activate You conjure some foxfire!
Unknown command.
Casting: Foxfire (safe; 1% risk of failure)
Press: ? - help, Q - select action, (/) - cycle Dir - look around, f - activate You conjure some foxfire!
The foxfire hits the white imp but does no damage.
The white imp gestures at you. The puff of frost hits you!!
You feel a terrible chill!
You die...

############.........
##.###.###
.#######.###.. .
.>.......##.. ..
######...##.# .##
###.....#.# ....
#.......§§.# .....
#.##...§.v§#...... #
##...##@v..._..
###.##§#......
#.#§.#...... #.#§.#
..... #....# ##.##
#5##.. ... . ### ## .


You could see a white imp (ally target).

Vanquished Creatures
  A sky beast (D:6)
  A necrophage (D:3)
  8 gnolls
  An adder (D:2)
  A worm (D:2)
  3 dart slugs
  5 ball pythons
  6 bats
  3 endoplasms (D:1)
  3 giant cockroaches
  2 goblins (D:2)
  4 hobgoblins
  3 jackals (D:1)
  4 quokkas
  2 frilled lizards
  4 kobolds
  4 rats
55 creatures vanquished.

Vanquished Creatures (others)
  271 foxfires
271 creatures vanquished.

Grand Total: 326 creatures vanquished

Notes
Turn   | Place    | Note
-------+----------+-------------------------------------------
     0 | D:1      | robertstho the Djinni Fire Elementalist began the quest for
                  | the Orb.
     0 | D:1      | robertstho set off with the following spells memorised:
                  | Foxfire, Scorch, Conjure Flame, Inner Flame, Flame Wave.
     0 | D:1      | Reached XP level 1. HP: 15/15 MP: 0/0
   392 | D:1      | Reached XP level 2. HP: 18/22 MP: 0/0
   925 | D:1      | Found a faded altar of an unknown god.
  1123 | D:1      | Reached skill level 3 in Spellcasting
  1123 | D:1      | Reached XP level 3. HP: 20/26 MP: 0/0
  1123 | D:1      | Learned a level 1 spell: Slow
  1488 | D:2      | Reached skill level 1 in Fighting
  1488 | D:2      | Reached XP level 4. HP: 19/32 MP: 0/0
  1715 | D:2      | Reached XP level 5. HP: 19/37 MP: 0/0
  1715 | D:2      | Learned a level 2 spell: Poisonous Vapours
  2475 | D:2      | Reached skill level 4 in Spellcasting
  3180 | D:3      | Found a basalt altar of Yredelemnul.
  3350 | D:3      | Found Qimm's Weapon Emporium.
  3376 | D:3      | Reached XP level 6. HP: 41/42 MP: 0/0
  3804 | D:3      | Found a white marble altar of Elyvilon.
  4238 | D:4      | You are sucked into a shaft and drop 2 floors!
  4295 | D:6      | Found a bloodstained altar of Trog.
  4296 | D:6      | Noticed a sky beast
  4304 | D:6      | Killed a sky beast
  4306 | D:6      | Killed from afar by a white imp

Illustrated notes

Levels and vault maps discovered:
D:1:      dpeg_arrival_tiny_f, layout_basic, ebering_ecumenical_altar_webs
D:2:      layout_basic, hangedman_abyss_or_decor_lesser_grid,
          minmay_tromino_v4_a
D:3:      layout_loops_corners, kennysheep_ying_yang, serial_shops, shop
D:4:      layout_rooms, grunt_gozag_statues, serial_glass, glass_columns_b,
          glass_columns_b, glass_columns_a, glass_columns_b, glass_columns_c,
          minmay_misc_feat_enclosed, sigmund_army
D:6:      layout_loops_ring, old_standard_altar, minmay_diced_spiral

Skill      XL: |  1  2  3  4  5  6 |
---------------+-------------------+-----
Spellcasting   | 3 4 |  4.8
Fighting       | 1 |  1.8
Stealth        | 2 |  2.0
Dodging        | |  2.5

Action                   |  1- 3 |  4- 6 || total
-------------------------+-------+-------++-------
 Cast: Foxfire           |    58 |   105 ||   163
       Scorch            |       |     5 ||     5
  Use: Scroll            |     1 |       ||     1
Armor: Robe              |     7 |     1 ||     8
Dodge: Dodged            |     9 |     6 ||    15
